 Dungeon Crawl Stone Soup version 0.13-a0-2348-g42d4ca8 (console) character file.

144 Kellhus the Ruinous (level 4, 22/22 HPs)
             Began as a Gargoyle Wizard on July 10, 2013.
             Quit the game on Level 2 of the Dungeon.
             The game lasted 00:02:31 (1169 turns).

Kellhus the Ruinous (Gargoyle Wizard)               Turns: 1169, Time: 00:02:32

HP  22/22        AC  8     Str 11      XL: 4   Next:  6%
MP   1/11        EV 11     Int 19      God:
Gold 84          SH  0     Dex  8      Spells:  1 memorised,  8 levels left

Res.Fire  : . . .   See Invis. : .   q - -3,-1 orc dagger
Res.Cold  : + . .   Warding    : +   a - +0 robe
Life Prot.: + + .   Conserve   : .   (no shield)
Res.Poison: .       Res.Corr.  : .   b - +0 wizard hat
Res.Elec. : +       Clarity    : .   (no cloak)
Sust.Abil.: . .     Spirit.Shd : .   (no gloves)
Res.Mut.  : .       Stasis     : .   (no boots)
Res.Rott. : +       Flight     : .   m - amulet of warding {unknown}
Saprovore : . . .                    (no ring)
                                     k - ring of protection from cold {unknown}

@: slightly resistant to hostile enchantments, unstealthy
A: fangs 1, talons 2, life protection 1, electricity resistance, slow metabolism
1, unbreathing, petrification resistance, AC +6
a: no special abilities


You were on level 2 of the Dungeon.
You were not hungry.

You visited 1 branch of the dungeon, and saw 2 of its levels.

You collected 64 gold pieces.

Inventory:

Hand weapons
 o - a +2,+3 dwarven mace
 q - a -3,-1 orcish dagger (weapon)
Armour
 a - a +0 robe (worn)
 b - a +0 wizard hat (worn)
Comestibles
 d - 2 bread rations
 g - a banana
 h - an orange
 j - a meat ration
Scrolls
 e - a scroll of noise {unknown}
 f - a scroll of identify {unknown}
 i - a scroll of blinking {unknown}
 l - a scroll of enchant weapon II {unknown}
 s - a scroll of teleportation {unknown}
 t - a scroll of magic mapping {unknown}
Jewellery
 k - a ring of protection from cold (left hand) {unknown}
 m - an amulet of warding (around neck) {unknown}
Potions
 n - 3 potions of curing {unknown}
 p - a potion of speed {unknown}
 v - a potion of magic {unknown}
Books
 c - a book of Minor Magic

   Spells                             Type                      Level
   *Magic Dart                        Conjuration                  1
   Blink                              Translocation                2
   Call Imp                           Summoning                    2
   Repel Missiles                     Charms/Air                   2
   Slow                               Hexes                        2
   Conjure Flame                      Conjuration/Fire             3
   Mephitic Cloud                     Conjuration/Poison/Air       3


   Skills:
 - Level 1.5 Dodging
 - Level 2.1 Stealth
 - Level 3.0 Spellcasting
 + Level 4.1 Conjurations
   Level 0.8 Summonings
   Level 0.8 Translocations


You had 8 spell levels left.
You knew the following spells:

 Your Spells              Type           Power        Failure   Level  Hunger
a - Magic Dart            Conj           ###.         3%          1    None


Dungeon Overview and Level Annotations

Branches:
Dungeon (2/27)

Altars:


Innate Abilities, Weirdness & Mutations

You are resistant to torment.
Your stone body is very resilient (AC +6).
You have very sharp teeth.
You have razor-sharp toenails.
You resist negative energy.
You are resistant to electric shocks.
You have a slow metabolism.
You can survive without breathing.
You are immune to petrification.


Message History

The adder is severely wounded.
The adder bites you but does no damage.
Casting: Magic Dart
Confirm with . or Enter, or press ? or * to list all spells.
Aiming: Magic Dart
Press: ? - help, Shift-Dir - straight line, f/p - adder
Aim: an adder (severely wounded)
The magic dart hits the adder.
The adder is almost dead.
The adder bites you but does no damage.
Casting: Magic Dart
Confirm with . or Enter, or press ? or * to list all spells.
Aiming: Magic Dart
Press: ? - help, Shift-Dir - straight line, f/p - adder
Aim: an adder (almost dead)
The magic dart hits the adder.
You kill the adder!
Your Conjurations skill increases to level 4!
You have reached level 4!
You feel stronger.
Are you sure you want to abandon this character and quit the game? (Confirm with "yes".)

..#... .........#...
###........#...
...........+..>
...........#... .
..........#... ...
####........##..
.....)####...........##..
........@.<..........##..
.........................
...%....................
...............###......
...............# #######
..............# #
....#.#.###### # ...#.#.#
#.#.#


There were no monsters in sight!

Vanquished Creatures
  3 adders (D:2)
  2 giant geckos (D:1)
  A giant cockroach (D:1)
  6 hobgoblins
  A ball python (D:1)
  2 bats
  2 giant newts
  5 goblins
  4 kobolds
  8 rats (D:1)
34 creatures vanquished.

Notes
Turn   | Place    | Note
--------------------------------------------------------------
     0 | D:1      | Kellhus, the Gargoyle Wizard, began the quest for the Orb.
     0 | D:1      | Reached XP level 1. HP: 8/8 MP: 5/5
   247 | D:1      | Reached XP level 2. HP: 13/13 MP: 7/7
   641 | D:1      | Reached XP level 3. HP: 17/17 MP: 5/9
  1168 | D:2      | Reached skill level 4 in Conjurations
  1168 | D:2      | Reached XP level 4. HP: 22/22 MP: 2/11
  1169 | D:2      | Quit the game

Action                   |  1- 3 |  4- 6 || total
-------------------------+-------+-------++-------
Melee: Unarmed           |     7 |       ||     7
 Cast: Magic Dart        |    69 |     1 ||    70
  Use: Scroll            |     1 |       ||     1
